 Dungeon Crawl Stone Soup version 0.31-a0-1161-g593ecc88b7 (webtiles) character file.

Game seed: 9583905317791630548

10 Dirtsage the Changeling (level 2, -2/18 HPs)
             Began as an Octopode Shapeshifter on Dec 8, 2023.
             Slain by a goblin
             ... wielding a +0 club
              (3 damage)
             ... on level 1 of the Dungeon.
             The game lasted 00:00:39 (111 turns).

Dirtsage the Changeling (Octopode Shapeshifter)      Turns: 111, Time: 00:00:39

Health: -2/18      AC:  1    Str: 13    XL:     2   Next: 20%
Magic:  2/2        EV: 13    Int: 12    God:
Gold:   16         SH:  0    Dex: 11    Spells: 1/1 levels left

rFire   . .          .
                       - Unarmed
rCold   . . .        (no shield)
rNeg    . . .        (helmet currently unavailable)
rPois   .            (no amulet)
rElec   .            (no ring)
rCorr   .            (no ring)
SInv    .            (no ring)
Will    .....        (no ring)
Stlth   ++           (no ring)
HPRegen 0.23/turn    (no ring)
MPRegen 0.08/turn    (no ring)
                     (no ring)

%: no passive effects
@: beast-form
A: beast (slay +2), almost no armour, amphibious, 8 rings, camouflage 1,
gelatinous body 1, (nimble swimmer 1), tentacles
a: Begin Untransformation


You were on level 1 of the Dungeon.
You were a hulking beast.
You visited 1 branch of the dungeon, and saw 1 of its levels.

You collected 16 gold pieces.

Inventory:

Talismans
 b - a beast talisman
 c - a flux talisman
Potions
 a - a potion of lignification


   Skills:
 - Level 1.0 Fighting
 - Level 2.0 Dodging
 - Level 3.0 Unarmed Combat
 + Level 3.5 Shapeshifting


You had one spell level left.
You didn't know any spells.
Your spell library was empty.

Dungeon Overview and Level Annotations

Branches:
Dungeon (1/15)

Altars:


Innate Abilities, Weirdness & Mutations

You are a hulking beast.
Your limbs bulge with bestial killing power. (Slay +2)
You cannot wear most types of armour.
You are amphibious.
You can wear up to eight rings at the same time.
Your skin changes colour to match your surroundings (Stealth+).
Your rubbery body absorbs attacks. (AC +1, EV +1)
((You are camouflaged when in or above water. (Stealth+)))
You have tentacles for arms and can constrict up to eight enemies at once.


Message History

The jackal barks! x4; You hear a shout!
You barely miss the jackal. Your grab misses the jackal.
A giant cockroach comes into view.
The jackal misses you. The goblin hits you with a +0 club.
You take 5 damage, and have 13/18 hp.
MASSIVE DAMAGE!!
The jackal closely misses you.
You barely miss the jackal. Your grab misses the jackal. The jackal bites you.
You take 2 damage, and have 11/18 hp.
You tentacle-slap the jackal. You grab the jackal. You squeeze the jackal.
You kill the jackal!
A hobgoblin comes into view.
The jackal bites you.
You take 2 damage, and have 9/18 hp.
You tentacle-slap the jackal but do no damage.
You grab the jackal. You constrict the jackal. The jackal misses you.
You barely miss the jackal.
The jackal is moderately wounded.
You constrict the jackal. The jackal bites you.
You take 1 damage, and have 8/18 hp.
You tentacle-slap the jackal.
The jackal is almost dead.
You constrict the jackal.
You kill the jackal!
The giant cockroach misses you. The goblin hits you with a +0 club.
The jackal bites you. The giant cockroach closely misses you.
You take 2 damage, and have 6/18 hp.
You tentacle-slap the jackal. Your grab misses the jackal.
The jackal is severely wounded.
The jackal barely misses you. The goblin hits you with a +0 club.
* * * LOW HITPOINT WARNING * * *
The giant cockroach closely misses you.
You take 3 damage, and have 3/18 hp.
The giant cockroach bites you.
* * * LOW HITPOINT WARNING * * *
The goblin barely misses you.
You take 2 damage, and have 1/18 hp.
The giant cockroach bites you but does no damage.
The jackal barely misses you. The goblin hits you with a +0 club.
You die...

.B##.......#.#
(............#.!
............)... .#
#.#....###..# .#
#..#.#....... .# #
##.#g#.#..).> .#
.#####.#.#....... .#
........Bhg.....##
##.##[#####..hh.......#
###............#.........
..............##.†.......
###.†######### #.#.....##
#..# ##.## #.##....# #..#
##...###.###.#.#
###..####............#.#
#.....##.............#
......###>....##.##.##


You could see 2 jackals, a giant cockroach, a hobgoblin and a goblin.

Vanquished Creatures
  An endoplasm (D:1)
  A goblin (D:1)
  A hobgoblin (D:1)
  2 jackals (D:1)
  A quokka (D:1)
  3 rats (D:1)
9 creatures vanquished.

Notes
Turn   | Place    | Note
-------+----------+-------------------------------------------
     0 | D:1      | Dirtsage the Octopode Shapeshifter began the quest for the
                  | Orb.
     0 | D:1      | Reached XP level 1. HP: 13/13 MP: 1/1
    97 | D:1      | Reached XP level 2. HP: 18/18 MP: 2/2
   111 | D:1      | Slain by a goblin

Illustrated notes

Levels and vault maps discovered:
D:1:      dpeg_arrival_short_road, layout_loops_ring

Action                     || total
---------------------------++-------
  Melee: Unarmed           ||    19
         Constrict         ||     5
         Tentacles         ||     3
   Stab: Sleeping          ||     1
 Armour: Skin              ||    12
  Dodge: Dodged            ||    15

Table legend: (Time is in decaauts)
 A = Elapsed time spent in this place.
 B = Non-inter-level travel time spent in this place.
 C = Inter-level travel time spent in this place.
 D = Time resting spent in this place.
 E = Time spent auto-exploring this place.
 F = Levels seen in this place.
 G = Mean time per level.
                   A        B        C        D        E       F      G
               +--------+--------+--------+--------+--------+-----+--------+
         Total |    110 |    110 |      0 |      0 |     61 |   1 |  110.0 |
       Dungeon |    110 |    110 |      0 |      0 |     61 |   1 |  110.0 |
               +--------+--------+--------+--------+--------+-----+--------+

Top non-repeatable levels by time:
     D:1: 110 daAuts
